 Dungeon Crawl Stone Soup version 0.17.2-1-ge4368a0 (webtiles) character file.

42 Goblin1989 the Insei (level 3, 22/29 HPs)
             Began as a Demonspawn Monk on Sept 17, 2016.
             Quit the game on level 2 of the Dungeon.
             The game lasted 00:03:21 (933 turns).

Goblin1989 the Insei (Demonspawn Monk)               Turns: 933, Time: 00:03:22

Health: 22/29      AC:  5    Str: 12    XL:     3   Next: 33%
Magic:  1/3        EV: 11    Int: 11    God:
Gold:   13         SH:  0    Dex: 15    Spells: 0 memorised, 2 levels left

rFire  . . .     SeeInvis .       - Unarmed
rCold  . . .     Clarity  .     h - +0 ring mail
rNeg   + . .     SustAt   .     (no shield)
rPois  .         Gourm    .     (helmet restricted)
rElec  .         Spirit   +     (no cloak)
rCorr  .         Warding  .     (no gloves)
rMut   .         Stasis   .     (no boots)
MR     .....                    (no amulet)
Stlth  +.........               (no ring)
                                g - ring of positive energy

@: not resistant to hostile enchantments, very unstealthy
A: antennae 1, magic shield
a: no special abilities


You were on level 2 of the Dungeon.
You were not hungry.

You visited 1 branch of the dungeon, and saw 2 of its levels.

You collected 13 gold pieces.

Inventory:

Armour
 h - a +0 ring mail (worn)
Jewellery
 g - a ring of positive energy (left hand)
Scrolls
 a - 2 scrolls of fog {unknown}
 d - a scroll of enchant armour {unknown}
 e - 2 scrolls of teleportation {unknown}
 i - 2 scrolls of remove curse {unknown}
Potions
 f - 2 potions of curing {unknown}
Comestibles
 b - 2 bread rations
 c - 2 meat rations


   Skills:
 - Level 3.0 Fighting
 - Level 2.6 Dodging
 - Level 1.7 Stealth
 + Level 4.7 Unarmed Combat


You had 2 spell levels left.
You didn't know any spells.

Dungeon Overview and Level Annotations

Branches:
Dungeon (2/15)

Altars:


Innate Abilities, Weirdness & Mutations

You have a pair of small antennae on your head.
When hurt, damage is shared between your health and your magic reserves.


Message History

The hound zombie bites you but does no damage.
You hit the hound zombie. The hound zombie bites you.
You take 4 damage, and have 20/24 hp.
You hit the hound zombie but do no damage.
The hound zombie barely misses you. The hound zombie closely misses you.
You hit the hound zombie. The hound zombie bites you.
You take 1 damage, and have 19/24 hp.
You now have 1/2 mp.
You hit the hound zombie. The jackal zombie barely misses you.
The hound zombie bites you but does no damage.
You punch the hound zombie!
You destroy the hound zombie!
You have reached level 3!
Your experience leads to an increase in your attributes!
Increase (S)trength, (I)ntelligence, or (D)exterity?
You feel stronger.
Your demonic ancestry asserts itself...
A pair of antennae grows on your head! The jackal zombie closely misses you.
The kobold barely misses you.
A bat comes into view.
You regained 3 hp, and now have 22/29 hp.
Are you sure you want to abandon this character and quit the game? (Confirm with "yes".)

... .b## #.# .
.... #.## .#
#.... ... .%##
#.# .##.# #....
#.# ...##.....
#.####..#......
#<#.)..Kw..P...
#......@.......
###..>..Z......
#............
#............
#.......####.
#.......#
#########


You could see a worm, a jackal zombie, a bat and a kobold.

Vanquished Creatures
  A hound zombie (D:2)
  2 giant geckos (D:1)
  2 goblins (D:1)
  3 hobgoblins (D:1)
  9 jackals (D:1)
  A bat (D:1)
  4 giant newts (D:1)
  2 kobolds (D:1)
  3 rats (D:1)
27 creatures vanquished.

Notes
Turn   | Place    | Note
--------------------------------------------------------------
     0 | D:1      | Goblin1989 the Demonspawn Monk began the quest for the Orb.
     0 | D:1      | Reached XP level 1. HP: 18/18 MP: 1/1
    64 | D:1      | jacquesderrida: Starina Gremlin
    64 | D:1      | Goblin1989: тебя опять убили?
    91 | D:1      | jacquesderrida: Ne
    94 | D:1      | jacquesderrida: Naoborot
   122 | D:1      | Reached skill level 4 in Unarmed Combat
   160 | D:1      | jacquesderrida: Внезапно с небес свалились вещи
   160 | D:1      | Gained mutation: When hurt, damage is shared between your health and your magic reserves. [demonic ancestry]
   160 | D:1      | Reached XP level 2. HP: 21/24 MP: 2/2
   204 | D:1      | jacquesderrida: Старлайты, +8 триплеры и теде
   212 | D:1      | jacquesderrida: Тапки со слеингом
   213 | D:1      | jacquesderrida: Даже окер не нужен был!
   216 | D:1      | jacquesderrida: Вот я и вышел!
   221 | D:1      | jacquesderrida: Тоска!
   221 | D:1      | Goblin1989: решил умереть чуть позже
   221 | D:1      | jacquesderrida: pabidit...
   222 | D:1      | Goblin1989: да не, умереть
   431 | D:1      | jacquesderrida: Da ne...........................
   932 | D:2      | Gained mutation: You have a pair of small antennae on your head. [demonic ancestry]
   932 | D:2      | Reached XP level 3. HP: 22/29 MP: 1/3
   933 | D:2      | Quit the game

Action                   || total
-------------------------++-------
Melee: Unarmed           ||   106
 Stab: Sleeping          ||     3
